 Dungeon Crawl Stone Soup version 0.29.1-2-gbd0b4ee654 (webtiles) character file.

Game seed: 1326566672539047707

676777 DocClef the Invulnerable (level 27, -7/275 HPs)
             Began as a Minotaur Fighter on Nov 10, 2022.
             Was a High Priest of Okawaru.
             Mangled by Woixux the pandemonium lord (10 damage)
             ... on level 10 of a ziggurat on Nov 11, 2022.
             The game lasted 02:37:27 (79833 turns).

DocClef the Invulnerable (Minotaur Fighter)        Turns: 79833, Time: 02:37:28

Health: -7/275     AC: 54    Str: 51    XL:     27
Magic:  0/38       EV: 24    Int:  6    God:    Okawaru [*****.]
Gold:   8492       SH: 20    Dex: 15    Spells: 26/26 levels left

rFire   + + .      SeeInvis .   W - +9 broad axe of the Beginning {protect, Will- Dex+6}
rCold   + . .      Faith    .   N - +1 kite shield {rF+}
rNeg    + + +      Spirit   +   m - +1 crystal plate armour of Okanag {-Cast Will+++ Str+5}
rPois   +          Reflect  .   b - +2 hat of the Sparrow {rC+ Str+2}
rElec   +          Harm     .   d - +4 dragonskin cloak
rCorr   +          Rampage  .   Z - +1 pair of gloves of Eklijisk {Fly rPois Str+7 Int-2}
Will    ++++.      NoTele   +   y - +0 pair of boots "Push" {-Tele rN+++ rCorr Str+2}
Stlth   .......... NoCast   +   E - amulet of guardian spirit
HPRegen 0.00/turn               t - ring of the Octopus King {HP+2 MP+9 AC+2 EV+2 SH+2}
MPRegen 0.26/turn               K - ring "Imaid" {rElec rF+}

@: heroic, finesse-ful, under a protective aura, sick, flying, studying 3 skills
A: horns 2, retaliatory headbutt, clever 1, clumsy 1, strong 1
0: Orb of Zot
}: 4/15 runes: serpentine, barnacled, slimy, silver
a: Renounce Religion, Heroism, Finesse, Duel


You were on level 10 of a ziggurat.
You worshipped Okawaru.
Okawaru was extremely pleased with you.
You visited 13 branches of the dungeon, and saw 57 of its levels.
You visited the Abyss 2 times.
You visited 1 ziggurat, and saw 10 of its levels.
You also visited: Trove, Ossuary and Ice Cave.

You collected 9585 gold pieces.
You spent 1093 gold pieces at shops.

Inventory:

Hand Weapons
 o - the +6 arbalest "Damnation" {damnation}
   (You found it on level 15 of the Dungeon)

   Any ammunition fired from it explodes in a burst of damnation on striking a
   foe, dealing damage which bypasses armour.
 M - the +10 war axe "Anena" {speed, Fragile rElec rCorr Dex+8}
   (Okawaru gifted it to you on level 1 of the Realm of Zot)

   Attacks with this weapon are significantly faster.
   Dex:       It affects your dexterity (+8).
   rElec:     It insulates you from electricity.
   rCorr:     It protects you from acid and corrosion.
   Fragile:   It will be destroyed if unequipped.
 W - the +9 broad axe of the Beginning (weapon) {protect, Will- Dex+6}
   (Okawaru gifted it to you on level 12 of the Dungeon)

   It grants its wielder temporary protection when it strikes (+7 to AC).
   Dex:       It affects your dexterity (+6).
   Will:      It decreases your willpower.
Missiles
 r - 5 throwing nets
 P - 14 silver javelins (quivered)
Armour
 b - the +2 hat of the Sparrow (worn) {rC+ Str+2}
   (Okawaru gifted it to you on level 5 of the Lair of Beasts)

   Str:       It affects your strength (+2).
   rC:        It protects you from cold.
 d - the +4 dragonskin cloak (worn)
   (You took it off Tiamat on level 5 of the Realm of Zot)

   It grants the wearer a chance to resist fire, cold, poison, electricity,
   acid, and negative energy.
 m - the +1 crystal plate armour of Okanag (worn) {-Cast Will+++ Str+5}
   (Okawaru gifted it to you on level 2 of the Orcish Mines)

   Str:       It affects your strength (+5).
   -Cast:     It prevents spellcasting.
   Will:      It greatly increases your willpower.
 y - the +0 pair of boots "Push" (worn) {-Tele rN+++ rCorr Str+2}
   (You found it on level 15 of the Dungeon)

   Str:       It affects your strength (+2).
   rN:        It renders you almost immune to negative energy.
   -Tele:     It prevents most forms of teleportation.
   rCorr:     It protects you from acid and corrosion.
 N - a +1 kite shield of fire resistance (worn)
 V - +9 gold dragon scales
 Z - the +1 pair of gloves of Eklijisk (worn) {Fly rPois Str+7 Int-2}
   (You found it on level 1 of the Realm of Zot)

   Str:       It affects your strength (+7).
   Int:       It affects your intelligence (-2).
   rPois:     It protects you from poison.
   Fly:       It grants you flight.
Jewellery
 g - the ring of Shadows {Umbra +Inv Stlth+}
   (You took it off a deep elf annihilator on level 3 of the Elven Halls)

   [ring of stealth]

   It surrounds you with an aura of shadow, increasing your stealth and reducing
   the accuracy of all others within it.
   +Inv:      It lets you turn invisible.
   Stlth:     It makes you more stealthy.
 t - a ring of the Octopus King (left hand) {HP+2 MP+9 AC+2 EV+2 SH+2}
   (You found it on level 4 of a ziggurat)

   [ring of magical power]

   AC:        It affects your AC (+2).
   EV:        It affects your evasion (+2).
   HP:        It affects your health (+2).
   MP:        It affects your magic capacity (+9).
   SH:        It affects your SH (+2).
 E - an amulet of guardian spirit (around neck)
 K - the ring "Imaid" (right hand) {rElec rF+}
   (You found it on level 4 of the Shoals)

   [ring of protection from fire]

   rF:        It protects you from fire.
   rElec:     It insulates you from electricity.
 Q - a +4 ring of slaying
Wands
 j - a wand of polymorph (43)
 H - a wand of acid (48)
 L - a wand of mindburst (35)
 R - a wand of iceblast (30)
 Y - a wand of digging (19)
Scrolls
 a - 10 scrolls of poison
 c - 2 scrolls of magic mapping
 h - 27 scrolls of teleportation
 n - 12 scrolls of amnesia
 w - 9 scrolls of fear
 z - 47 scrolls of identify
 A - 9 scrolls of fog
 D - 3 scrolls of immolation
 F - 21 scrolls of enchant weapon
 S - 4 scrolls of brand weapon
 T - 6 scrolls of blinking
 U - 12 scrolls of enchant armour
 X - 3 scrolls of silence
Potions
 e - 7 potions of mutation
 f - 29 potions of curing
 i - 12 potions of lignification
 k - 3 potions of berserk rage
 p - 8 potions of heal wounds
 q - 21 potions of brilliance
 s - 12 potions of might
 u - 8 potions of flight
 v - 7 potions of magic
 x - 3 potions of cancellation
 B - 14 potions of attraction
 C - 3 potions of ambrosia
 G - 13 potions of haste
 J - 2 potions of resistance
 O - 6 potions of invisibility
Miscellaneous
 l - the horn of Geryon
 I - a phial of floods


   Skills:
 O Level 27 Fighting
 O Level 27 Axes
 - Level 18.0(23.0) Ranged Weapons
 O Level 27 Armour
 O Level 27 Dodging
 + Level 20.6(25.6) Shields
 - Level 10.5 Invocations


You had 26 spell levels left.
You didn't know any spells.
Your spell library contained the following spells:

 Spells                   Type           Power      Damage    Failure   Level
 Beastly Appendage        Tmut           0%         N/A       82%         1
 Foxfire                  Conj/Fire      0%         2x1d4     82%         1
 Magic Dart               Conj           0%         1d3       82%         1
 Necrotise                Necr           0%         1d4       82%         1
 Sandblast                Erth           0%         2d4       82%         1
 Shock                    Conj/Air       0%         1d3       82%         1
 Slow                     Hex            0%         N/A       82%         1
 Sting                    Tmut/Pois      0%         1d3       82%         1
 Blink                    Tloc           0%         N/A       91%         2
 Ensorcelled Hibernation  Hex/Ice        0%         N/A       91%         2
 Passwall                 Tmut/Erth      0%         N/A       91%         2
 Poisonous Vapours        Pois/Air       0%         N/A       91%         2
 Static Discharge         Conj/Air       0%         3-3/arc   91%         2
 Sublimation of Blood     Necr           0%         N/A       91%         2
 Wereblood                Tmut           0%         N/A       91%         2
 Confusing Touch          Hex            0%         N/A       99%         3
 Conjure Flame            Conj/Fire      0%         6-21      99%         3
 Dazzling Flash           Conj/Hex       0%         N/A       99%         3
 Frozen Ramparts          Ice            0%         1d1       99%         3
 Gell's Gravitas          Tloc           0%         N/A       99%         3
 Ignite Poison            Fire/Tmut/Pois 0%         N/A       99%         3
 Inner Flame              Hex/Fire       0%         N/A       99%         3
 Lesser Beckoning         Tloc           0%         N/A       99%         3
 Mephitic Cloud           Conj/Pois/Air  0%         N/A       99%         3
 Ozocubu's Armour         Ice            0%         N/A       99%         3
 Portal Projectile        Hex/Tloc       0%         N/A       99%         3
 Spider Form              Tmut/Pois      0%         N/A       99%         3
 Stone Arrow              Conj/Erth      0%         3d7       99%         3
 Swiftness                Air            0%         N/A       99%         3
 Teleport Other           Tloc           0%         N/A       99%         3
 Vampiric Draining        Necr           0%         2d6       99%         3
 Airstrike                Air            0%         2d(0-16)  100%        4
 Anguish                  Hex/Necr       0%         N/A       100%        4
 Cause Fear               Hex            0%         N/A       100%        4
 Corpse Rot               Necr/Pois/Air  0%         N/A       100%        4
 Dispel Undead            Necr           0%         3d6       100%        4
 Fulminant Prism          Conj/Hex       0%         3d6       100%        4
 Hailstorm                Conj/Ice       0%         3d3       100%        4
 Ice Form                 Ice/Tmut       0%         N/A       100%        4
 Iskenderun's Mystic Bla  Conj/Tloc      0%         2d3       100%        4
 Olgreb's Toxic Radiance  Pois           0%         N/A       100%        4
 Passage of Golubria      Tloc           0%         N/A       100%        4
 Petrify                  Tmut/Erth      0%         N/A       100%        4
 Sticky Flame             Conj/Fire      0%         2d3       100%        4
 Agony                    Necr           0%         N/A       100%        5
 Alistair's Intoxication  Tmut/Pois      0%         N/A       100%        5
 Blade Hands              Tmut           0%         N/A       100%        5
 Borgnjor's Vile Clutch   Necr/Erth      0%         N/A       100%        5
 Fireball                 Conj/Fire      0%         3d3       100%        5
 Freezing Cloud           Conj/Ice/Air   0%         6-21      100%        5
 Iskenderun's Battlesphe  Conj           0%         2d6       100%        5
 Lee's Rapid Deconstruct  Erth           0%         3d5*      100%        5
 Lightning Bolt           Conj/Air       0%         1d11      100%        5
 Manifold Assault         Tloc           0%         N/A       100%        5
 Metabolic Englaciation   Hex/Ice        0%         N/A       100%        5
 Silence                  Hex/Air        0%         N/A       100%        5
 Yara's Violent Unravell  Hex/Tmut       0%         3d3       100%        5
 Conjure Ball Lightning   Conj/Air       0%         3x3d6     100%        6
 Dispersal                Tloc           0%         N/A       100%        6
 Eringya's Noxious Bog    Tmut/Pois      0%         N/A       100%        6
 Iron Shot                Conj/Erth      0%         9d1       100%        6
 Statue Form              Tmut/Erth      0%         N/A       100%        6
 Orb of Destruction       Conj           0%         9d5       100%        7
 Storm Form               Tmut/Air       0%         N/A       100%        7
 Borgnjor's Revivificati  Necr           0%         N/A       100%        8
 Discord                  Hex            0%         N/A       100%        8
 Lehudib's Crystal Spear  Conj/Erth      0%         10d2      100%        8
 Maxwell's Capacitive Co  Air            0%         ∞         100%        8
 Necromutation            Tmut/Necr      0%         N/A       100%        8
 Chain Lightning          Conj/Air       0%         N/A       100%        9
 Death's Door             Necr           0%         N/A       100%        9
 Fire Storm               Conj/Fire      0%         5d1       100%        9
 Polar Vortex             Ice            0%         N/A       100%        9
 Shatter                  Erth           0%         3d5*      100%        9
 Call Imp                 Summ           Unusable   N/A       N/A         2
 Call Canine Familiar     Summ           Unusable   N/A       N/A         3
 Summon Guardian Golem    Hex/Summ       Unusable   N/A       N/A         3
 Tukima's Dance           Hex            Unusable   N/A       N/A         3
 Animate Armour           Summ/Erth      Unusable   N/A       N/A         4
 Summon Ice Beast         Ice/Summ       Unusable   N/A       N/A         4
 Death Channel            Necr           Unusable   N/A       N/A         6
 Simulacrum               Ice/Necr       Unusable   N/A       N/A         6
 Summon Hydra             Summ           Unusable   N/A       N/A         7

Dungeon Overview and Level Annotations

Branches:
Dungeon (15/15)            Temple (1/1) D:5            Lair (5/5) D:9
 Shoals (4/4) Lair:3        Snake (4/4) Lair:2        Slime (5/5) Lair:4
    Orc (2/2) D:9             Elf (3/3) Orc:2        Vaults (5/5) D:14
  Crypt (3/3) Vaults:2       Tomb (0/3) Crypt:3      Depths (4/4) D:15
   Hell (visited)             Zot (5/5) Depths:4    Ossuary (visited)
  IceCv (visited)
    Dis: Hell:1         Geh: Hell:1         Coc: Hell:1         Tar: Hell:1

Altars:
Ashenzari
Cheibriados
Dithmenos
Elyvilon
Fedhas
Gozag
Hepliaklqana
Kikubaaqudgha
Makhleb
Nemelex Xobeh
Okawaru
Qazlal
Ru
Sif Muna
Trog
Uskayaw
Vehumet
Wu Jian
Xom
Yredelemnul
Zin
The Shining One
Jiyva

Shops:
D:1 ?   D:3 *   Orc:2 (![!   Elf:2 **[   Shoals:1 ?   Snake:2 *   Snake:4 [:*
Vaults:4 *   Depths:1 (

Portals:
Hell: Depths:1 Depths:2 Depths:3 Depths:4
Abyss: Depths:3 Depths:4
Pandemonium: Depths:2

Annotations:
Zot:3 3 runed translucent doors, Beuseq's ghost, master GnFi; Pongem's ghost, legendary MiAK


Innate Abilities, Weirdness & Mutations

You have a pair of horns on your head.
You reflexively headbutt those who attack you in melee.
Your mind is acute. (Int +4, Str/Dex -1)
You are clumsy. (Dex -2)
Your muscles are strong. (Str +4, Int/Dex -1)


Message History

The golden eye turns its gaze towards you.
You slash the ancient lich! You headbutt the ancient lich!
The ancient lich is lightly damaged.
You slice the lich!!
A large abomination comes into view.
The golden eye blinks! x2
Unknown command.
You hit the ancient lich but do no damage.
You headbutt the ancient lich!
The ancient lich is moderately damaged.
You hit the lich.
A spatial vortex comes into view.
The white draconian stormcaller invokes the aid of Qazlal against you.
The cutting wind hits the ancient lich!!!
The cutting wind hits you!!!
* * * LOW HITPOINT WARNING * * *
The cutting wind hits the lich!!!
The lich is destroyed!
You hear a howl!
Unknown command.
You slice the ancient lich like a ripe choko!!!!
You destroy the ancient lich!
Okawaru accepts your kill.
You slice the ancient zyme!!
The substance of the Abyss twists violently, and a gateway leading out appears!
Unknown command.
You hit the ancient zyme.
The ancient zyme is severely damaged.
You closely miss the lurking horror.
An ice dragon appears from thin air!
An ice dragon comes into view.
The golden eye blinks!
Unknown command.
The golden eye turns its gaze towards you.
The ancient zyme hits you but does no damage.
The ancient zyme misses you.
Your memory of the abyssal rune fades away.
You pass through the gate.
A caustic shrike zombie comes into view.
Woixux hits you!
You die...

▓▓▓▓▓▓▓▓▓
........▓▓
.........▓▓
M.........▓▓
ZZ...M.....▓▓
MM9....&....▓▓
.M.zM..@...∩.▓
M.M....Z....▓▓
.zM....)...▓▓
..........▓▓
.........▓▓
........▓▓
▓▓▓▓▓▓▓▓▓


You could see Woixux, a mummy priest, 3 guardian mummies, an ushabti, 2 flying
skulls, 5 mummies, a storm dragon zombie, a caustic shrike zombie (wandering)
and a juggernaut skeleton.

Vanquished Creatures
  the Royal Jelly (Slime:5)
  Tiamat (Zot:5)
  8 ancient liches
  4 dread liches
  Khufu (Crypt:2)
  8 orbs of fire
  Mennas (Depths:3)
  Boris (twice) (Crypt:2 Crypt:3)
  Parghit (Depths:3)
  3 Killer Klowns (Zot:5)
  Vashnia (Snake:4)
  Bai Suzhen (Depths:1)
  Frederick (Crypt:2)
  A curse toe (Zot:4)
  The ghost of Heg Cuhi the Slayer, an adept MiFi of Okawaru (Elf:2)
  Geryon (Hell)
  12 golden dragons
  Nikola (Lair:3)
  2 pandemonium lords
  4 electric golems
  2 profane servitors
  2 bone dragons
  4 Tzitzimimeh
  2 doom hounds (Zot:3)
  15 tentacled monstrosities
  A Hell Sentinel (Zot:1)
  2 deep elf blademasters (Elf:3)
  26 Orb Guardians
  7 titans
  15 liches
  7 quicksilver dragons
  Grunn (Zot:3)
  12 acid blobs
  2 deep elf master archers (Elf:3)
  An Executioner (Zig:1)
  Frances (Shoals:1)
  6 sphinxes
  10 shadow dragons
  15 death cobs
  6 tentacled starspawn (Abyss:6)
  6 ancient champions
  Roxanne (Elf:1)
  6 tengu reavers (Vaults:5)
  11 storm dragons
  Donald (Snake:1)
  A fenstrider witch (Zig:5)
  2 azure jellies (Slime:5)
  12 rockslimes
  4 draconian knights
  3 draconian monks
  9 revenants
  8 nagarajas
  A demonspawn warmonger (Zig:9)
  3 fire giants
  4 emperor scorpions (Depths:3)
  2 iron dragons
  5 draconian scorchers
  3 deep elf sorcerers
  22 vault wardens
  2 orc warlords (Vaults:4)
  Louise (D:15)
  5 balrugs
  Aizul (Snake:4)
  2 caustic shrike zombies
  5 deep elf elementalists (Elf:3)
  10 frost giants
  4 draconian shifters
  A demonspawn blood saint (Zig:9)
  2 draconian stormcallers
  16 ironbound preservers
  A quicksilver ooze (shapeshifter) (Vaults:5)
  3 curse skulls
  2 juggernaut zombies (Depths:2)
  6 ghost moths
  2 spriggan defenders (Depths:2)
  5 ghouls
  5 draconian annihilators
  6 reapers
  2 juggernaut skeletons (Depths:2)
  14 stone giants
  31 very ugly things
  9 quicksilver oozes
  5 war gargoyles
  9 vampire knights
  9 ironbound thunderhulks
  4 green draconians
  15 deep elf demonologists
  41 slime creatures
  15 black draconians
  5 deep elf annihilators (Elf:3)
  A lorocyproca (Zig:8)
  25 dire elephants
  8 white draconians
  10 purple draconians
  9 red draconians
  2 entropy weavers
  7 yellow draconians
  4 blizzard demons
  5 eidola
  12 ettins
  4 merfolk javelineers (Shoals:4)
  11 deep elf death magi
  A green death (Zig:7)
  17 jiangshi
  5 merfolk impalers
  8 deep elf high priests
  A mummy priest (Crypt:2)
  14 yaktaur captains
  Josephine (Lair:4)
  9 ice dragons
  Fannar (D:10)
  11 great orbs of eyes
  11 fire dragons
  10 hydras
  6 salamander tyrants
  A caustic shrike simulacrum (IceCv)
  Erolcha (Orc:2)
  41 vault guards
  4 boulder beetles
  A rakshasa (Depths:2)
  5 death knights
  3 merfolk avatars (Shoals:4)
  7 two-headed ogres
  A juggernaut simulacrum (Depths:2)
  3 ogre magi
  A merfolk aquamancer (Shoals:4)
  4 spriggan air magi
  7 anacondas
  3 alligator snapping turtles (Shoals:4)
  4 ironbound frosthearts
  An anaconda (shapeshifter) (Zig:8)
  10 naga warriors
  6 centaur warriors
  5 hell beasts
  A two-headed ogre (shapeshifter) (Vaults:5)
  24 dancing weapons
  An alligator (Shoals:4)
  A radroach (shapeshifter) (Depths:3)
  A death scarab (Zig:10)
  21 tengu warriors
  A titan zombie (Depths:2)
  14 thrashing horrors
  9 hell hogs
  7 deep troll earth magi
  3 vampire magi
  12 death yaks
  6 spriggan berserkers (Depths:2)
  A deep troll shaman (Depths:4)
  9 soul eaters
  An orc high priest (Elf:2)
  8 shock serpents
  5 sun demons
  17 naga sharpshooters
  3 hell knights
  Sonja (Lair:4)
  4 spriggans
  18 deep elf knights
  11 iron trolls
  2 wretched stars (Abyss:6)
  42 skeletal warriors
  A spatial maelstrom (Zig:3)
  2 golden dragon zombies (Depths:2)
  2 salamander mystics
  8 shadow wraiths
  An anaconda zombie (Crypt:3)
  7 glowing orange brains
  A quicksilver dragon simulacrum (Depths:2)
  A swamp dragon (shapeshifter) (D:14)
  A swamp dragon (Zig:5)
  13 sea snakes
  A death drake (Zig:5)
  A goliath frog (Shoals:4)
  53 deep trolls
  2 obsidian statues
  9 naga ritualists
  8 flayed ghosts
  5 bog bodies
  An orange crystal statue (Crypt:1)
  9 deep elf archers
  5 wizards
  An anaconda skeleton (Crypt:2)
  A spriggan simulacrum (Crypt:3)
  7 phantasmal warriors
  17 lindwurms
  2 tengu zombies
  9 necromancers
  23 ironbound convokers
  22 deep elf pyromancers
  21 orc knights
  8 mana vipers
  Pikel (D:5)
  A golden dragon skeleton (Depths:2)
  A spectral ettin (Crypt:3)
  4 orc sorcerers
  13 fauns
  5 shining eyes
  8 cyclopes
  An oklob plant (Lair:4)
  29 moths of wrath
  15 manticores
  2 fire giant zombies (Depths:2)
  A broodmother zombie (Crypt:1)
  3 fauns (shapeshifter)
  22 deep elf zephyrmancers
  8 wolf spiders
  10 salamanders
  40 ugly things
  A will-o-the-wisp (Zig:5)
  2 stone giant zombies
  17 elephants
  2 guardian serpents
  A manticore (shapeshifter) (Vaults:5)
  11 merfolk sirens
  11 large abominations
  A torpor snail (Lair:2)
  A shadow dragon skeleton (Crypt:1)
  15 naga magi
  12 cane toads
  2 toenail golems
  A fire giant skeleton (Crypt:1)
  39 black mambas
  A black mamba (shapeshifter) (Vaults:5)
  6 smoke demons
  15 vault sentinels
  A titan simulacrum (Depths:2)
  4 rust devils (Hell)
  2 ice statues
  A stone giant skeleton (Vaults:3)
  A centaur skeleton (Crypt:1)
  5 unseen horrors (D:12)
  5 water nymphs
  An orange demon (Zig:6)
  5 gargoyles
  A demonic crawler (Zig:7)
  A water nymph (shapeshifter) (Depths:4)
  3 molten gargoyles (Lair:5)
  A dire elephant skeleton (Crypt:1)
  23 yaktaurs
  4 kobold demonologists (D:13)
  5 ancient zymes
  A yaktaur zombie (Vaults:3)
  8 efreet
  26 freezing wraiths
  2 hellions
  10 komodo dragons
  2 yaktaurs (shapeshifter)
  8 rime drakes
  An alligator snapping turtle skeleton (Crypt:2)
  2 tormentors
  An ice devil (IceCv)
  A catoblepas skeleton (Crypt:1)
  3 anaconda simulacra (IceCv)
  5 tengu conjurers
  A harpy zombie (Crypt:2)
  4 trolls
  3 red devils
  A golden dragon simulacrum (IceCv)
  A minotaur skeleton (Crypt:2)
  A troll (shapeshifter) (Vaults:5)
  6 meliai
  A tyrant leech (Zig:5)
  A polar bear (Lair:5)
  6 wind drakes
  A hydra zombie (Hell)
  3 hydra skeletons
  17 merfolk
  A slime creature (shapeshifter) (Vaults:5)
  A wind drake (shapeshifter) (D:9)
  A sea snake skeleton (Crypt:2)
  25 blink frogs
  10 raiju
  An iron dragon simulacrum (Depths:2)
  4 tarantellas
  5 hornets
  An ettin zombie (Crypt:1)
  6 dream sheep
  A dream sheep (shapeshifter) (Zig:8)
  4 jumping spiders
  8 snapping turtles
  An air elemental (Elf:1)
  Sigmund (D:2)
  60 flying skulls
  A guardian serpent skeleton (Crypt:2)
  3 vampires
  5 shadows
  23 wraiths
  An elf zombie (Vaults:1)
  8 water elementals
  A centaur simulacrum (D:12)
  A dire elephant simulacrum (IceCv)
  A yak (shapeshifter) (Elf:3)
  2 ynoxinuls
  A basilisk (shapeshifter) (Elf:1)
  6 basilisks
  4 fire elementals
  9 wyverns
  54 yaks
  4 golden eyes
  3 neqoxecs
  10 steam dragons
  5 fire bats (Abyss:6)
  2 redbacks
  16 vampire mosquitoes
  2 minotaur simulacra (IceCv)
  5 wargs
  A warg (shapeshifter) (D:14)
  5 chaos spawn (Abyss:6)
  4 acid dragons
  6 harpy simulacra (IceCv)
  49 nagas
  9 water moccasins
  A hydra simulacrum (IceCv)
  11 hell hounds
  A floating eye (Slime:4)
  A sky beast (D:6)
  3 black bears
  A swamp drake (Zig:5)
  4 alligator simulacra (IceCv)
  An ettin simulacrum (Depths:2)
  A black bear (shapeshifter) (Lair:2)
  An ice beast (D:6)
  A floating eye zombie (Hell)
  9 ogres
  36 orc warriors
  5 boggarts
  51 wolves
  A phantom (D:5)
  A snapping turtle skeleton (Crypt:1)
  14 centaurs
  A hog zombie (Crypt:1)
  Blork the orc (D:4)
  13 bullfrogs
  4 kobold brigands
  A lindwurm skeleton (Crypt:1)
  An earth elemental (Elf:1)
  2 human skeletons
  6 necrophages
  3 deep troll simulacra (IceCv)
  3 scorpions
  4 small abominations
  A glowing shapeshifter simulacrum (Depths:2)
  2 cyclops skeletons (Crypt:1)
  3 wights (D:9)
  3 lindwurm simulacra (IceCv)
  A human simulacrum (Vaults:3)
  A troll skeleton (Crypt:2)
  2 electric eels (Snake:2)
  2 howler monkeys
  5 lava snakes (Lair:5)
  13 orc priests
  4 jellies
  21 starcursed masses (Abyss:6)
  3 human zombies
  Crazy Yiuf (D:6)
  5 hounds
  A hound (shapeshifter) (D:12)
  5 iguanas
  Ijyb (D:4)
  17 orc wizards
  8 hell rats (Hell)
  6 mummies
  12 adders
  A river rat (D:5)
  5 shadow imps
  A white imp (D:6)
  An adder zombie (Ossuary)
  6 worms
  5 dart slugs
  93 orcs
  7 ball pythons
  3 bats (D:1)
  A bat skeleton (Crypt:2)
  7 endoplasms
  8 giant cockroaches
  12 hobgoblins
  11 jackals
  3 quokkas
  4 frilled lizards
  3 goblins
  6 hobgoblin zombies (Ossuary)
  10 kobolds
  5 kobold zombies (Ossuary)
  4 quokka zombies (Ossuary)
  5 rats
  A rat zombie (Ossuary)
  A spectral goblin (D:3)
  A butterfly (D:5)
  A fire vortex (Depths:4)
  A lurking horror (Abyss:6)
  8 starspawn tentacles (Abyss:6)
2665 creatures vanquished.

Vanquished Creatures (others)
  A lich (Abyss:6)
  A fire giant (Depths:3)
  A draconian knight (Zot:1)
  A demonspawn blood saint (Zig:6)
  A rakshasa (D:13)
  A quicksilver dragon simulacrum (Depths:2)
  A deep troll (Vaults:2)
  A deep elf archer (Elf:1)
  A wizard (Vaults:2)
  A deep elf pyromancer (Vaults:5)
  A deep elf zephyrmancer (Elf:3)
  6 ettin simulacra (Depths:2)
  9 bushes
  6 foxfires (Zig:5)
  42 fungi
  93 plants
  6 starspawn tentacles (Abyss:6)
173 creatures vanquished.

Grand Total: 2838 creatures vanquished

Notes
Turn   | Place    | Note
-------+----------+-------------------------------------------
     0 | D:1      | DocClef the Minotaur Fighter began the quest for the Orb.
     0 | D:1      | Reached XP level 1. HP: 19/19 MP: 0/0
   150 | D:1      | Reached XP level 2. HP: 22/27 MP: 1/1
   268 | D:1      | Found Zeodats's Magic Scroll Emporium.
   729 | D:1      | Reached XP level 3. HP: 34/34 MP: 2/2
   929 | D:2      | Noticed Sigmund
   936 | D:2      | Killed Sigmund
   937 | D:2      | Reached skill level 5 in Fighting
   937 | D:2      | Reached skill level 5 in Axes
   937 | D:2      | Reached XP level 4. HP: 28/44 MP: 3/3
   937 | D:2      | Reached XP level 5. HP: 32/50 MP: 4/4
  1930 | D:3      | Found a faded altar of an unknown god.
  1954 | D:3      | Found Seci's General Store.
  2041 | D:3      | Found a radiant altar of Vehumet.
  2481 | D:3      | Reached XP level 6. HP: 48/57 MP: 5/5
  2708 | D:4      | Noticed Blork the orc
  2717 | D:4      | Killed Blork the orc
  3079 | D:4      | Reached XP level 7. HP: 60/64 MP: 6/6
  3406 | D:4      | Noticed Ijyb
  3447 | D:4      | Killed Ijyb
  3659 | D:5      | Entered Level 5 of the Dungeon
  3659 | D:5      | Noticed Pikel
  3921 | D:5      | Killed Pikel
  3922 | D:5      | Reached skill level 10 in Axes
  3922 | D:5      | Reached XP level 8. HP: 71/73 MP: 7/7
  3972 | D:5      | Found a staircase to the Ecumenical Temple.
  3988 | Temple   | Entered the Ecumenical Temple
  4135 | D:5      | Found a sand-covered staircase.
  4139 | Ossuary  | Entered an ossuary
  4275 | D:5      | Identified a scroll of acquirement
  4275 | D:5      | Acquired the +1 cloak "Moov" {rPois rN+ Int+2}
  4972 | D:6      | Found a sparkling altar of Nemelex Xobeh.
  5035 | D:6      | Found a runed translucent door.
  5036 | D:6      | Noticed Crazy Yiuf
  5241 | D:6      | Reached XP level 9. HP: 66/81 MP: 8/8
  5826 | D:6      | Killed Crazy Yiuf
  7275 | D:8      | Reached XP level 10. HP: 57/93 MP: 9/9
  7684 | D:8      | Reached skill level 10 in Fighting
  8323 | D:9      | Found a bloodstained altar of Trog.
  8331 | D:9      | Found an opulent altar of Gozag.
  8354 | D:9      | Noticed a two-headed ogre
  8365 | D:9      | Killed a two-headed ogre
  8366 | D:9      | Reached skill level 15 in Axes
  8411 | D:9      | Noticed a tengu warrior
  8429 | D:9      | Killed a tengu warrior
  8607 | D:9      | Noticed a glowing shapeshifter
  8607 | D:9      | an orc changed into a glowing shapeshifter
  8608 | D:9      | Noticed a faun
  8608 | D:9      | a glowing shapeshifter changed into a faun
  8613 | D:9      | Killed a faun
  8643 | D:9      | Found a white marble altar of Elyvilon.
  8971 | D:9      | Found a hazy altar of Hepliaklqana.
  8974 | D:9      | Found a snail-covered altar of Cheibriados.
  9205 | D:9      | Found an iron altar of Okawaru.
  9216 | D:9      | Became a worshipper of Warmaster Okawaru
  9239 | D:9      | Found a staircase to the Orcish Mines.
  9253 | D:9      | Reached XP level 11. HP: 103/104 MP: 10/10
  9350 | D:9      | Found a staircase to the Lair.
  9586 | D:10     | Entered Level 10 of the Dungeon
  9586 | D:10     | Noticed Fannar
  9603 | D:10     | Killed Fannar
  9603 | D:10     | Reached * piety under Okawaru
 10205 | D:10     | Found a burning altar of Makhleb.
 10205 | D:10     | Noticed a green death
 10247 | D:10     | Found a glowing silver altar of Zin.
 10890 | D:11     | Noticed an eight-headed hydra
 10904 | D:11     | Reached ** piety under Okawaru
 11269 | Lair:1   | Entered Level 1 of the Lair of Beasts
 11573 | Lair:1   | Reached *** piety under Okawaru
 12044 | Lair:1   | Reached **** piety under Okawaru
 12045 | Lair:1   | Reached skill level 5 in Armour
 12048 | Lair:1   | Reached XP level 12. HP: 117/117 MP: 11/11
 12243 | Lair:1   | Noticed a seven-headed hydra
 12501 | Lair:2   | Reached ***** piety under Okawaru
 13000 | Lair:2   | Noticed a four-headed hydra
 13019 | Lair:2   | Killed a 15-headed hydra
 13170 | Lair:2   | Reached skill level 10 in Armour
 13300 | Lair:2   | Received a gift from Okawaru
 13406 | Lair:2   | Found a staircase to the Snake Pit.
 13425 | Lair:2   | Received a gift from Okawaru
 14448 | Lair:3   | Reached skill level 5 in Shields
 15019 | Lair:3   | Reached XP level 13. HP: 114/124 MP: 12/12
 15116 | Lair:3   | Found a staircase to the Shoals.
 15489 | Lair:3   | Found an ornate altar of the Wu Jian Council.
 15829 | Lair:4   | Found a viscous altar of Jiyva.
 15829 | Lair:4   | Found a staircase to the Slime Pits.
 15887 | Lair:4   | Identified the +10 plate armour of Terror {SInv} (Okawaru
                  | gifted it to you on level 4 of the Lair of Beasts)
 15887 | Lair:4   | Received a gift from Okawaru
 15993 | Lair:4   | Noticed Sonja
 16006 | Lair:4   | Killed Sonja
 16031 | Lair:4   | Reached skill level 1 in Invocations
 16055 | Lair:4   | Reached skill level 5 in Invocations
 16400 | Lair:4   | Identified the +0 ring mail "Xokatie" {Dex+4}
 16491 | Lair:4   | Noticed Josephine
 16506 | Lair:4   | Killed Josephine
 17455 | Lair:5   | Entered Level 5 of the Lair of Beasts
 17603 | Lair:5   | Reached ****** piety under Okawaru
 17610 | Lair:5   | Reached XP level 14. HP: 115/132 MP: 19/19
 17674 | Lair:5   | Identified the +2 hat of the Sparrow {rC+ Str+2} (Okawaru
                  | gifted it to you on level 5 of the Lair of Beasts)
 17674 | Lair:5   | Received a gift from Okawaru
 17765 | Lair:5   | Reached skill level 10 in Invocations
 17783 | Lair:5   | Found a large runed translucent door.
 17783 | Lair:5   | Found a large runed translucent door.
 20141 | D:11     | Reached skill level 15 in Armour
 20322 | D:11     | Found an opulent altar of Gozag.
 21115 | D:12     | Identified the +9 broad axe of the Beginning {protect,
                  | Will- Dex+6} (Okawaru gifted it to you on level 12 of the
                  | Dungeon)
 21115 | D:12     | Received a gift from Okawaru
 21272 | D:12     | Reached XP level 15. HP: 102/138 MP: 21/21
 21491 | D:12     | Identified the +1 chain mail "Meut" {Will+}
 21783 | D:13     | Received a gift from Okawaru
 22209 | D:13     | Identified the +4 hand axe of Governance {chaos, Int+4}
 22613 | D:14     | Found a gate to the Vaults.
 23206 | D:14     | Reached skill level 15 in Fighting
 23376 | D:15     | Entered Level 15 of the Dungeon
 23385 | D:15     | Identified the +1 hat of the Apothecary {-Tele rPois
                  | Stlth+} (Okawaru gifted it to you on level 15 of the
                  | Dungeon)
 23385 | D:15     | Received a gift from Okawaru
 23935 | D:15     | Found a portal to a secret trove of treasure.
 24315 | D:3      | Bought a potion of resistance for 120 gold pieces
 24398 | D:1      | Bought a scroll of identify for 26 gold pieces
 24398 | D:1      | Bought a scroll of identify for 26 gold pieces
 24398 | D:1      | Bought a scroll of identify for 26 gold pieces
 24398 | D:1      | Bought a scroll of identify for 26 gold pieces
 24398 | D:1      | Bought a scroll of identify for 26 gold pieces
 24398 | D:1      | Bought a scroll of identify for 26 gold pieces
 24398 | D:1      | Bought a scroll of identify for 26 gold pieces
 24398 | D:1      | Bought a scroll of teleportation for 39 gold pieces
 24959 | D:15     | Found the +6 arbalest "Damnation" {damnation}
 25068 | D:15     | Identified the +0 pair of boots "Push" {-Tele rN+++ rCorr
                  | Str+2}
 25108 | D:15     | Noticed Louise
 25126 | D:15     | Killed Louise
 25127 | D:15     | Reached skill level 1 in Ranged Weapons
 25437 | D:15     | Found a staircase to the Depths.
 25875 | D:15     | You paid a toll of 5 potions of resistance to enter a
                  | treasure trove
 25876 | Trove    | Entered a treasure trove
 25894 | Trove    | Identified the ring "Zotworuk" {Fly rPois Dex+3 Slay-6
                  | SInv}
 25898 | Trove    | Identified the amulet "Qalout" {Reflect Harm Str+3 SH+5}
 26167 | Orc:1    | Entered Level 1 of the Orcish Mines
 26188 | Orc:1    | Paralysed by an orc sorcerer for 4 turns
 26340 | Orc:1    | You fall into a shaft and drop 1 floor!
 26340 | Orc:2    | Entered Level 2 of the Orcish Mines
 26429 | Orc:2    | Reached skill level 5 in Ranged Weapons
 26626 | Orc:2    | Noticed Erolcha
 26639 | Orc:2    | Killed Erolcha
 26639 | Orc:2    | Identified the +1 crystal plate armour of Okanag {-Cast
                  | Will+++ Str+5} (Okawaru gifted it to you on level 2 of the
                  | Orcish Mines)
 26639 | Orc:2    | Received a gift from Okawaru
 26726 | Orc:2    | Found Jairav's Antique Armour Shoppe.
 26726 | Orc:2    | Found Cyma's Distillery.
 26793 | Orc:2    | Bought a potion of attraction for 48 gold pieces
 26940 | Orc:2    | Bought a potion of ambrosia for 128 gold pieces
 26963 | Orc:2    | Found a staircase to the Elven Halls.
 27074 | Orc:2    | Found Qun Xao's Distillery.
 27095 | Orc:2    | Bought 2 potions of haste for 320 gold pieces
 27095 | Orc:2    | Bought 2 potions of magic for 256 gold pieces
 27099 | Orc:2    | Found Caecrico's Weapon Shoppe.
 27111 | Orc:2    | Reached XP level 16. HP: 145/154 MP: 22/22
 27625 | Elf:1    | Entered Level 1 of the Elven Halls
 28239 | Elf:1    | Reached skill level 10 in Ranged Weapons
 28257 | Elf:1    | Paralysed by an air elemental for 1 turns
 28465 | Elf:1    | Identified Roxanne's Incunabulum of Terrain
 28465 | Elf:1    | Noticed Roxanne
 28484 | Elf:1    | Killed Roxanne
 29047 | Elf:2    | Found Raushrumi's Armour Shop.
 29048 | Elf:2    | Identified the +1 quarterstaff "Imp's Demise" {antimagic,
                  | Fragile rElec rC- rN++}
 29061 | Elf:2    | Identified the +0 hat of the Boiling Point {rC+} (Okawaru
                  | gifted it to you on level 2 of the Elven Halls)
 29061 | Elf:2    | Received a gift from Okawaru
 29669 | Elf:2    | Found a runed translucent gate.
 29670 | Elf:2    | Found a runed translucent gate.
 30290 | Elf:2    | Found a runed translucent gate.
 30294 | Elf:2    | Found an opulent altar of Gozag.
 30294 | Elf:2    | Noticed Heg Cuhi's ghost (adept MiFi)
 30295 | Elf:2    | Found a runed translucent gate.
 30295 | Elf:2    | Found a runed translucent gate.
 30295 | Elf:2    | Found Ceoxoing's Assorted Antiques.
 30298 | Elf:2    | Found Tugaupoc's Assorted Antiques.
 30484 | Elf:2    | Found a runed translucent gate.
 30763 | Snake:1  | Entered Level 1 of the Snake Pit
 31317 | Snake:1  | Identified the +1 buckler of Puakyn {rN++ Stlth-} (Okawaru
                  | gifted it to you on level 1 of the Snake Pit)
 31317 | Snake:1  | Received a gift from Okawaru
 31920 | Snake:1  | Noticed Donald
 31934 | Snake:1  | Killed Donald
 32188 | Snake:1  | Reached XP level 17. HP: 160/160 MP: 23/23
 32232 | Snake:2  | Reached skill level 15 in Ranged Weapons
 32717 | Snake:2  | Found Sise's Mayhem Merchandise.
 33934 | Snake:3  | Found a frozen archway.
 33943 | IceCv    | Entered an ice cave
 33949 | IceCv    | Identified the +3 crystal plate armour "Burul" {rF+++ Str-5
                  | Int+6} (Okawaru gifted it to you in an ice cave)
 33949 | IceCv    | Received a gift from Okawaru
 34362 | IceCv    | Found an ancient bone altar of Kikubaaqudgha.
 34770 | IceCv    | Noticed a lich
 34778 | IceCv    | Killed a lich
 36439 | Snake:4  | Entered Level 4 of the Snake Pit
 36595 | Snake:4  | Found Himoenwe's General Store.
 36872 | Snake:4  | Identified the +6 longbow of the Slime-mould {venom, Dex+8}
                  | (Okawaru gifted it to you on level 4 of the Snake Pit)
 36872 | Snake:4  | Received a gift from Okawaru
 36898 | Snake:4  | Noticed Vashnia
 37434 | Snake:4  | Reached XP level 18. HP: 164/169 MP: 24/24
 37439 | Snake:4  | Identified the +5 spear of Dishonour {freeze, *Slow rPois
                  | Str+3}
 37662 | Snake:4  | Killed Vashnia
 37902 | Snake:4  | Found Jel Iwou's Antique Armour Shoppe.
 37934 | Snake:4  | Noticed Aizul
 37947 | Snake:4  | Killed Aizul
 38371 | Snake:4  | Found Tupeadwewe's Book Shoppe.
 38670 | Snake:4  | Received a gift from Okawaru
 38802 | Snake:4  | Got a serpentine rune of Zot
 38972 | Shoals:1 | Entered Level 1 of the Shoals
 38974 | Shoals:1 | Identified the +1 pair of gloves of Ehoybaar {rPois SInv}
 38974 | Shoals:1 | Noticed Nikola
 39181 | Elf:2    | Reached skill level 10 in Shields
 40302 | Vaults:1 | Entered Level 1 of the Vaults
 40351 | Vaults:1 | Got the Parchment of Helpful Combat Magic
 41550 | Vaults:2 | Received a gift from Okawaru
 41561 | Vaults:2 | Identified the +6 eveningstar of Opebeafu {flame, rN+ rCorr
                  | Str+4} (Okawaru gifted it to you on level 2 of the Vaults)
 41561 | Vaults:2 | Received a gift from Okawaru
 41571 | Vaults:2 | Reached skill level 15 in Shields
 41993 | Vaults:2 | Reached XP level 19. HP: 12/177 MP: 19/25
 42000 | Vaults:2 | HP: 7/177 [ironbound convoker/+0 dire flail[a vault warden]
                  | (6)]
 42586 | Vaults:2 | Received a gift from Okawaru
 43008 | Vaults:2 | Found a staircase to the Crypt.
 43204 | Vaults:2 | Identified the +1 robe of the Harvest {Rampage Str+5 Dex-4
                  | Slay+6}
 43223 | Vaults:2 | Identified the +11 dire flail "Quexoz" {freeze, Dex+5}
 44224 | Vaults:3 | Identified the +5 plate armour "Fezugay" {rN+ rCorr Stlth+}
                  | (Okawaru gifted it to you on level 3 of the Vaults)
 44224 | Vaults:3 | Received a gift from Okawaru
 45649 | Vaults:4 | Reached XP level 20. HP: 184/184 MP: 26/26
 47291 | Vaults:4 | Received a gift from Okawaru
 47778 | Vaults:4 | Found Iplyvom's General Store.
 48342 | Vaults:5 | Entered Level 5 of the Vaults
 48374 | Vaults:5 | Identified the +7 hand axe "Xuror" {flame, rPois} (Okawaru
                  | gifted it to you on level 5 of the Vaults)
 48374 | Vaults:5 | Received a gift from Okawaru
 48746 | Vaults:5 | Noticed an ancient lich
 48760 | Vaults:5 | Reached skill level 27 in Armour
 48773 | Vaults:5 | Killed an ancient lich
 49175 | Vaults:5 | Reached XP level 21. HP: 113/193 MP: 21/27
 49177 | Abyss:4  | Found a corrupted altar of Lugonu.
 49177 | Abyss:4  | Cast into level 4 of the Abyss (tengu reaver)
 49231 | Vaults:5 | Escaped the Abyss
 50157 | Vaults:5 | Received a gift from Okawaru
 50336 | Vaults:5 | Got the Precepts of the Frostbitten Pyromaniac
 50340 | Vaults:5 | Got a silver rune of Zot
 50383 | Vaults:5 | Identified the +1 hat of Henotheism {Dex+5}
 50862 | Vaults:5 | Identified the +5 arbalest of Massacring {elec, rC++ Will-
                  | Int-4 SInv}
 50922 | Vaults:5 | Identified the +2 sling of Bloodstone {freeze, *Corrode
                  | Drain rPois rN+++}
 50925 | Vaults:5 | Identified the +0 plate armour of Fesaq {Rampage Str-3
                  | Dex+4}
 51112 | Vaults:5 | Got the Parchment of Sepulchral Convocation
 51130 | Vaults:5 | Noticed an ancient lich
 51142 | Vaults:5 | Killed an ancient lich
 51356 | Vaults:5 | Noticed a dread lich
 51369 | Vaults:5 | Killed a dread lich
 51369 | Vaults:5 | Received a gift from Okawaru
 52506 | Lair:3   | Killed Nikola
 52687 | Shoals:1 | Found Zoud's Magic Scroll Boutique.
 52895 | Shoals:1 | Noticed Frances
 52904 | Shoals:1 | Killed Frances
 54587 | Shoals:4 | Entered Level 4 of the Shoals
 54680 | Shoals:4 | Identified the +0 ring mail "Jygad" {*Corrode +Inv Will-
                  | Regen+}
 54920 | Shoals:4 | Identified the +1 plate armour of Foolhardiness {rPois
                  | Slay+5}
 55255 | Shoals:4 | Got a barnacled rune of Zot
 55401 | Shoals:4 | Reached XP level 22. HP: 217/217 MP: 28/28
 55706 | Shoals:4 | Received a gift from Okawaru
 55755 | Shoals:4 | Identified the ring "Imaid" {rElec rF+}
 56214 | Elf:3    | Entered Level 3 of the Elven Halls
 56340 | Elf:3    | Found a shimmering blue altar of Sif Muna.
 57136 | Elf:3    | HP: 10/222 [Executioner[a deep elf demonologist] (2)]
 57589 | Elf:3    | Identified the +6 great sword of Conformity {drain, Str+2}
 57632 | Elf:3    | Identified the ring "Qiodem" {Str+4 Int+6 Dex+3}
 57632 | Elf:3    | Identified the ring "Urollif" {Str+6 Dex+4}
 57649 | Elf:3    | Identified the +13 plate armour "Afewi" {+Blink Will+
                  | Int-5} (Okawaru gifted it to you on level 3 of the Elven
                  | Halls)
 57649 | Elf:3    | Received a gift from Okawaru
 57650 | Elf:3    | Identified the ring "Dihast" {rElec rF- MP+9 Dex+6}
 57677 | Elf:3    | Identified the ring "Sacybebah" {rC- rN+ Dex+3 SInv}
 57728 | Elf:3    | Got the Folio of Chthonic Fire
 58047 | Elf:2    | Killed Heg Cuhi's ghost
 58459 | Depths:1 | Entered Level 1 of the Depths
 58793 | Depths:1 | Noticed Bai Suzhen
 58816 | Depths:1 | Killed Bai Suzhen
 58856 | Depths:1 | You fall into a shaft and drop 1 floor!
 59012 | Depths:1 | Found a gateway to Hell.
 59115 | Depths:1 | Found Iseliok's Antique Weapon Shop.
 59258 | Depths:1 | Identified the amulet of Riuc {Faith *Slow rF+ Str+4}
 60187 | Depths:2 | Found a blossoming altar of Fedhas.
 60195 | Depths:2 | Identified the ring "Naniadem" {rElec rC+}
 60248 | Depths:2 | Noticed a golden dragon
 60263 | Depths:2 | Killed a golden dragon
 60263 | Depths:2 | Identified the +0 hat "Xamatae" {Fly} (Okawaru gifted it to
                  | you on level 2 of the Depths)
 60263 | Depths:2 | Received a gift from Okawaru
 60448 | Depths:2 | Reached XP level 23. HP: 167/239 MP: 17/29
 60496 | Depths:2 | Reached skill level 27 in Fighting
 60902 | Depths:2 | Found a snail-covered altar of Cheibriados.
 61179 | Depths:2 | Found a sacrificial altar of Ru.
 61179 | Depths:2 | Found a one-way gate leading to the halls of Pandemonium.
 61325 | Depths:2 | Identified the +8 shortbow of Ovvaynit {flame, Str+5}
 61656 | Depths:2 | Identified the +3 shortbow "Jiles" {freeze, *Corrode Int+6
                  | SInv}
 61836 | Depths:2 | Found a bloodstained altar of Trog.
 62027 | Hell     | Entered the Vestibule of Hell
 62049 | Hell     | Noticed Geryon
 62084 | Hell     | Killed Geryon
 62105 | Hell     | Identified the +1 hat "Qypiu" {+Blink rPois rC- Str+7}
                  | (Okawaru gifted it to you in the Vestibule of Hell)
 62105 | Hell     | Received a gift from Okawaru
 62623 | Depths:3 | Noticed Parghit
 62655 | Depths:3 | Killed Parghit
 62806 | Depths:3 | Noticed Mennas
 62830 | Depths:3 | Killed Mennas
 63225 | Depths:3 | Found a one-way gate to the infinite horrors of the Abyss.
 63232 | Depths:3 | Found a one-way gateway to a ziggurat.
 63320 | Depths:3 | Identified the +0 cloak of Varraut {-Tele rN+ Will+ Stlth+}
                  | (Okawaru gifted it to you on level 3 of the Depths)
 63320 | Depths:3 | Received a gift from Okawaru
 63712 | Depths:3 | Found a white marble altar of Elyvilon.
 63864 | Depths:4 | Entered Level 4 of the Depths
 63875 | Depths:4 | Reached XP level 24. HP: 241/249 MP: 29/29
 64095 | Depths:4 | Found a gate to the Realm of Zot.
 64437 | Depths:4 | Identified the +6 great sword "Qicour" {vorpal, *Corrode
                  | rPois rC+ Will+}
 65765 | Slime:1  | Entered Level 1 of the Pits of Slime
 65768 | Slime:1  | Gained mutation: You are frail. (-10% HP) [a shining eye]
 65782 | Slime:2  | Gained mutation: Your magical capacity is low. (-10% MP) [a
                  | shining eye]
 65786 | Slime:2  | Gained mutation: Your body sometimes deteriorates upon
                  | taking damage. [a shining eye]
 65788 | Slime:2  | Gained mutation: You are weak. (Str -2) [a shining eye]
 65789 | Slime:2  | Gained mutation: Your spells are a little easier to cast,
                  | but a little less powerful. [a shining eye]
 65987 | Slime:4  | Gained mutation: You are clumsy. (Dex -2) [a shining eye]
 65995 | Slime:4  | Paralysed by a floating eye for 2 turns
 66013 | Slime:5  | Entered Level 5 of the Pits of Slime
 66196 | Slime:5  | Noticed the Royal Jelly
 66240 | Slime:5  | Killed the Royal Jelly
 66240 | Slime:5  | Received a gift from Okawaru
 66788 | Slime:5  | Got a slimy rune of Zot
 66791 | Slime:5  | Identified the +11 morningstar "Eviscerator" {venom, rC+}
 66814 | Slime:5  | Identified the +1 chain mail "Bisokick" {rN+}
 66823 | Slime:5  | Identified the +3 chain mail "Japnemm" {rF+ Str-5 Int+4}
 66845 | Slime:5  | Identified the ring "Bishietwa" {rC- rN+ Will+ rCorr}
 66850 | Slime:5  | Got Sif Muna's Incunabulum of Unholy Kindling
 66855 | Slime:5  | Identified the +1 scale mail of Red Divine Compulsion
                  | {Drain rCorr Str+3 Slay+2}
 66887 | Slime:5  | Identified the ring "Ramaiss" {rPois rC- rCorr Str+2 Dex+7}
 66954 | Lair:4   | Lost mutation: Your magical capacity is low. (-10% MP)
                  | [potion of mutation]
 66954 | Lair:4   | Lost mutation: You are frail. (-10% HP) [potion of
                  | mutation]
 66954 | Lair:4   | Lost mutation: You are clumsy. (Dex -2) [potion of
                  | mutation]
 66955 | Lair:4   | Lost mutation: Your body sometimes deteriorates upon taking
                  | damage. [potion of mutation]
 66955 | Lair:4   | Lost mutation: You are weak. (Str -2) [potion of mutation]
 66955 | Lair:4   | Lost mutation: Your spells are a little easier to cast, but
                  | a little less powerful. [potion of mutation]
 66955 | Lair:4   | Gained mutation: Your muscles are strong. (Str +4, Int/Dex
                  | -1) [potion of mutation]
 66955 | Lair:4   | Gained mutation: You are covered in fur. (AC +1) [potion of
                  | mutation]
 66955 | Lair:4   | Gained mutation: You are robust. (+10% HP) [potion of
                  | mutation]
 67322 | Crypt:1  | Entered Level 1 of the Crypt
 67322 | Crypt:1  | Found a transporter.
 67433 | Crypt:1  | Found a transporter.
 67656 | Crypt:1  | Reached skill level 27 in Axes
 67930 | Crypt:1  | Reached skill level 5 in Dodging
 68248 | Crypt:2  | Noticed Khufu
 68269 | Crypt:2  | Killed Khufu
 68269 | Crypt:2  | Identified the +1 robe "Wejoorilye" {MP+9 Int+2 Dex+2}
                  | (Okawaru gifted it to you on level 2 of the Crypt)
 68269 | Crypt:2  | Received a gift from Okawaru
 68329 | Crypt:2  | Reached XP level 25. HP: 48/282 MP: 2/29
 68949 | Crypt:2  | Reached skill level 10 in Dodging
 69097 | Crypt:2  | Noticed Boris
 69107 | Crypt:2  | Killed Boris
 69520 | Crypt:2  | Noticed Frederick
 69529 | Crypt:2  | Killed Frederick
 69669 | Crypt:3  | Entered Level 3 of the Crypt
 69705 | Crypt:3  | Noticed Boris
 69719 | Crypt:3  | Killed Boris
 69984 | Crypt:3  | Found a basalt altar of Yredelemnul.
 70192 | Crypt:3  | Identified the +7 hand axe of Okawaru {flame, rPois Str+2}
                  | (Okawaru gifted it to you on level 3 of the Crypt)
 70192 | Crypt:3  | Received a gift from Okawaru
 70550 | Crypt:3  | Found a staircase to the Tomb.
 70551 | Crypt:3  | Found the +8 demon blade "Leech" {vamp, Harm Drain rN+}
 70635 | Crypt:3  | Identified the +5 short sword of Tenacity {drain, rN+
                  | Int+6}
 70686 | Crypt:3  | Identified the ring of Springtime {*Slow rN+ rCorr Int+4}
 70962 | Crypt:3  | Identified the +9 morningstar "Afiecak" {freeze, rF- rN+++
                  | Str-3 Stlth+}
 71356 | Zot:1    | Entered Level 1 of the Realm of Zot
 71691 | Zot:1    | Identified the +1 pair of gloves of Eklijisk {Fly rPois
                  | Str+7 Int-2}
 72377 | Zot:1    | Identified the +10 war axe "Anena" {speed, Fragile rElec
                  | rCorr Dex+8} (Okawaru gifted it to you on level 1 of the
                  | Realm of Zot)
 72377 | Zot:1    | Received a gift from Okawaru
 72888 | Zot:1    | You are sucked into a shaft and drop 1 floor!
 73935 | Zot:3    | Received a gift from Okawaru
 73936 | Zot:3    | Reached skill level 15 in Dodging
 73963 | Zot:3    | Noticed Grunn
 73979 | Zot:3    | Reached XP level 26. HP: 101/292 MP: 7/29
 73980 | Zot:3    | Killed Grunn
 74598 | Zot:3    | Found a runed translucent gate.
 74599 | Zot:3    | Found a runed translucent gate.
 74599 | Zot:3    | Found an ancient bone altar of Kikubaaqudgha.
 74600 | Zot:3    | Found a runed translucent gate.
 74600 | Zot:3    | Noticed a dread lich
 74601 | Zot:3    | Noticed Pongem's ghost (legendary MiAK)
 74601 | Zot:3    | Noticed Beuseq's ghost (master GnFi)
 74603 | Zot:3    | Noticed a dread lich
 74604 | Zot:3    | Noticed an ancient lich
 75835 | Zot:4    | Noticed an orb of fire
 75836 | Zot:4    | Lost mutation: You are robust. (+10% HP) [an orb of fire]
 75848 | Zot:4    | Killed an orb of fire
 75848 | Zot:4    | Received a gift from Okawaru
 76472 | Zot:5    | Entered Level 5 of the Realm of Zot
 76499 | Zot:5    | Found the +4 dragonskin cloak
 76499 | Zot:5    | Noticed Tiamat
 76942 | Zot:5    | Killed Tiamat
 77009 | Zot:5    | Received a gift from Okawaru
 77407 | Zot:5    | Noticed an ancient lich
 77412 | Zot:5    | Noticed an orb of fire
 77670 | Zot:5    | Killed an ancient lich
 77798 | Zot:5    | Noticed an orb of fire
 77801 | Zot:5    | Noticed an orb of fire
 77809 | Zot:5    | Lost mutation: Your muscles are strong. (Str +4, Int/Dex
                  | -1) [an orb of fire]
 77813 | Zot:5    | Killed an orb of fire
 77818 | Zot:5    | Gained mutation: You have a pair of large horns on your
                  | head. [an orb of fire]
 77821 | Zot:5    | Gained mutation: You occasionally lose the ability to drink
                  | potions when taking damage. [an orb of fire]
 77823 | Zot:5    | Gained mutation: You are clumsy. (Dex -2) [an orb of fire]
 77828 | Zot:5    | Killed an orb of fire
 77848 | Zot:5    | Noticed a dread lich
 77859 | Zot:5    | Killed a dread lich
 77984 | Zot:5    | Identified the +12 war axe "Nyebut" {spect, +Blink rPois
                  | rC- Int+7} (Okawaru gifted it to you on level 5 of the
                  | Realm of Zot)
 77984 | Zot:5    | Received a gift from Okawaru
 78027 | Zot:5    | Reached XP level 27. HP: 261/273 MP: 29/29
 78098 | Zot:5    | Noticed an orb of fire
 78099 | Zot:5    | Noticed a dread lich
 78100 | Zot:5    | Noticed a dread lich
 78108 | Zot:5    | Gained mutation: Armour fits poorly on your strangely
                  | shaped body. [an orb of fire]
 78112 | Zot:5    | Noticed an orb of fire
 78117 | Zot:5    | Killed an orb of fire
 78121 | Zot:5    | Killed a dread lich
 78126 | Zot:5    | Killed a dread lich
 78129 | Zot:5    | Gained mutation: Your magical capacity is low. (-10% MP)
                  | [an orb of fire]
 78137 | Zot:5    | Killed an orb of fire
 78139 | Zot:5    | Gained mutation: You are weak. (Str -2) [an orb of fire]
 78143 | Zot:5    | Killed an orb of fire
 78148 | Zot:5    | Noticed an orb of fire
 78159 | Zot:5    | Gained mutation: You are very clumsy. (Dex -4) [an orb of
                  | fire]
 78162 | Zot:5    | Gained mutation: You are dopey. (Int -2) [an orb of fire]
 78165 | Zot:5    | Gained mutation: You do not regenerate when monsters are
                  | visible. [an orb of fire]
 78179 | Zot:5    | Killed an orb of fire
 78509 | Zot:4    | Lost mutation: You do not regenerate when monsters are
                  | visible. [potion of mutation]
 78509 | Zot:4    | Lost mutation: Your magical capacity is low. (-10% MP)
                  | [potion of mutation]
 78509 | Zot:4    | Lost mutation: Armour fits poorly on your strangely shaped
                  | body. [potion of mutation]
 78509 | Zot:4    | Lost mutation: You are weak. (Str -2) [potion of mutation]
 78509 | Zot:4    | Gained mutation: You have large cloven feet. [potion of
                  | mutation]
 78510 | Zot:4    | Lost mutation: You have a pair of large horns on your head.
                  | [potion of mutation]
 78510 | Zot:4    | Lost mutation: You occasionally lose the ability to drink
                  | potions when taking damage. [potion of mutation]
 78510 | Zot:4    | Gained mutation: You sometimes lose your temper in combat.
                  | [potion of mutation]
 78511 | Zot:4    | Lost mutation: You are covered in fur. (AC +1) [potion of
                  | mutation]
 78511 | Zot:4    | Lost mutation: You sometimes lose your temper in combat.
                  | [potion of mutation]
 78512 | Zot:4    | Lost mutation: You are dopey. (Int -2) [potion of mutation]
 78512 | Zot:4    | Lost mutation: You have large cloven feet. [potion of
                  | mutation]
 78512 | Zot:4    | Lost mutation: You are very clumsy. (Dex -4) [potion of
                  | mutation]
 78512 | Zot:4    | Gained mutation: You are robust. (+10% HP) [potion of
                  | mutation]
 78512 | Zot:4    | Gained mutation: Your muscles are strong. (Str +4, Int/Dex
                  | -1) [potion of mutation]
 78512 | Zot:4    | Lost mutation: You are robust. (+10% HP) [potion of
                  | mutation]
 78512 | Zot:4    | Gained mutation: Your mind is acute. (Int +4, Str/Dex -1)
                  | [potion of mutation]
 78593 | Zot:5    | Got the Orb of Zot
 78799 | Zig:1    | Entered Level 1 of a ziggurat
 78829 | Zig:2    | Entered Level 2 of a ziggurat
 78841 | Zig:2    | Noticed Paoqes the pandemonium lord
 78854 | Zig:2    | Killed Paoqes the pandemonium lord
 78869 | Zig:3    | Entered Level 3 of a ziggurat
 78894 | Zig:3    | Identified the +6 arbalest of Kawn {venom, rC- Str+4 SInv}
 78912 | Zig:4    | Entered Level 4 of a ziggurat
 78915 | Zig:4    | Found the ring of the Octopus King
 78931 | Zig:4    | Identified the +2 executioner's axe of Fundamental Breach
                  | {venom, rC+ Int+4} (Okawaru gifted it to you on level 4 of
                  | a ziggurat)
 78931 | Zig:4    | Received a gift from Okawaru
 78938 | Zig:4    | Identified a ring of the Octopus King {HP+2 MP+9 AC+2 EV+2
                  | SH+2}
 78952 | Zig:4    | Noticed Heucac the pandemonium lord
 78954 | Zig:5    | Entered Level 5 of a ziggurat
 78994 | Zig:5    | Identified the +6 morningstar of Tenacity {flame, Will+
                  | Str+3}
 79001 | Zig:6    | Entered Level 6 of a ziggurat
 79018 | Zig:6    | Noticed an orb of fire
 79035 | Zig:6    | Killed an orb of fire
 79051 | Zig:6    | Identified the +9 battleaxe of Blue Cruel Justice {venom,
                  | rPois rCorr Dex-5}
 79056 | Zig:6    | Identified the +2 scale mail "Tixtuyce" {Regen+ Slay+3
                  | Stlth+}
 79184 | Zig:6    | Noticed Agery the pandemonium lord
 79200 | Zig:6    | Killed Agery the pandemonium lord
 79214 | Zig:7    | Entered Level 7 of a ziggurat
 79392 | Zig:8    | Entered Level 8 of a ziggurat
 79397 | Zig:8    | Noticed an ancient lich
 79428 | Zig:8    | Killed an ancient lich
 79459 | Zig:9    | Entered Level 9 of a ziggurat
 79467 | Zig:9    | Noticed an ancient lich
 79469 | Zig:9    | Noticed an ancient lich
 79481 | Zig:9    | Killed an ancient lich
 79489 | Zig:9    | Identified the +0 pair of boots of the Durable Trilobite
                  | {Drain +Inv rElec Dex+4} (Okawaru gifted it to you on level
                  | 9 of a ziggurat)
 79489 | Zig:9    | Received a gift from Okawaru
 79500 | Zig:9    | Killed an ancient lich
 79530 | Zig:9    | Identified the +5 executioner's axe "Spiderbane" {flame,
                  | rPois rN+ Int-2}
 79542 | Zig:10   | Entered Level 10 of a ziggurat
 79626 | Zig:10   | Noticed Woixux the pandemonium lord
 79636 | Abyss:6  | Cast into level 6 of the Abyss (Woixux)
 79646 | Abyss:6  | Paralysed by accursed screaming for 1 turns
 79790 | Abyss:6  | Reached skill level 27 in Dodging
 79812 | Abyss:6  | Noticed an ancient lich
 79814 | Abyss:6  | Killed an ancient lich
 79829 | Abyss:6  | HP: 3/275 [white draconian stormcaller (38)]
 79830 | Abyss:6  | Killed an ancient lich
 79833 | Zig:10   | Escaped the Abyss
 79833 | Zig:10   | Mangled by Woixux the pandemonium lord

Illustrated notes

Levels and vault maps discovered:
D:1:      matt_arrival_spirals, layout_basic, serial_shops, shop,
          hangedman_abyss_or_decor_lesser_grid
D:2:      layout_basic, uniq_sigmund
D:3:      layout_basic, nicolae_vehumet_radiance,
          dreamdust_ecumenical_altar_drowned_temple, serial_shops,
          nicolae_shop_stone
D:4:      layout_loops_ring, uniq_ijyb, uniq_blork_the_orc
D:5:      layout_rooms, minmay_temple_entry_butterflies, portal_sewer_entry_b,
          enter_ossuary_5, uniq_pikel
D:6:      layout_loops_ring, nemelex_spade_bored_becter, uniq_crazy_yiuf_cottage
D:7:      layout_basic, kennysheep_dice
D:8:      layout_basic
D:9:      layout_roguey, mainiacjoe_overflow_small_starburst,
          kennysheep_slug_shrine, lemuel_tele_altar, okawaru_trees_1,
          minitemple, david_lair_shrubbed, orc_0_dummy
D:10:     layout_roguey, zin_academy, makhleb_altar_promises_db, uniq_fannar
D:11:     layout_loops_cross, grunt_gozag_breadcrumbs
D:12:     minmay_the_grid_4x2 [minmay_the_grid_small_cups, minmay_the_grid_x,
          minmay_the_grid_mess, minmay_the_grid_spikes,
          minmay_the_grid_square_x, minmay_the_grid_minigrid_medium,
          minmay_the_grid_doors, minmay_the_grid_prize_inner_circle],
          layout_loops_cross
D:13:     layout_irregular_city
D:14:     layout_loops_ring, david_vaults_2
D:15:     grunt_enter_depths_snipers, layout_cave_pools, roderic_lattice_a,
          enter_trove_2, hellmonk_guarded_unrand_damnation, uniq_louise
Temple:   hellmonk_temple_forest_ring
Lair:1:   layout_layer_cave, serial_bayou_pond_e, fungi_pond_lemuel,
          chequers_serial_rivers_small_3, grunt_forest_large_clearings
Lair:2:   layout_chaotic_city, guppyfry_snake_entry_island
Lair:3:   layout_small_grid, minmay_shoals_entry_centaurs, basic_altar,
          grunt_megastairs_5
Lair:4:   layout_loops_ring, dpeg_slime_entry_enclosed, enter_volcano_3,
          minivault_24, minmay_lair_oklob_bushes, serial_bayou_shore_b,
          uniq_josephine, uniq_sonja
Lair:5:   cheibrodos_lair_end_hotspot, layout_regular_city,
          nicolae_quartered_pool_medium
Shoals:1: layout_shoals, serial_shops, shop, dpeg_stationary_puzzle,
          uniq_nikola, uniq_frances
Shoals:2: layout_shoals, nicolae_shoals_drake_roost
Shoals:3: layout_shoals
Shoals:4: shoals_end_simple, layout_shoals, nicolae_shoals_lost_giant_pillars,
          nicolae_shoals_goliath_grotto
Snake:1:  layout_basic, special_room, grunt_megastairs_3, uniq_donald
Snake:2:  layout_honeycomb, abandoned_shop, minmay_shop_mayhem,
          guppyfry_snake_island
Snake:3:  layout_grid_maze, portal_ice_cave_entry_pillars_2,
          nicolae_triple_integral, grunt_megastairs_2
Snake:4:  johnstein_snake_rune_scales, layout_basic, serial_shops,
          nicolae_shop_hallway_stairs, shop, nicolae_shop_advertising_works
          [nicolae_subvault_shop_adworks], uniq_aizul
Slime:1:  layout_caves, nicolae_slime_ancient_tower_intersection
Slime:2:  cheibrodos_slime_lost_civilization_3, layout_caves,
          cheibrodos_slime_lost_civilization_5
Slime:3:  layout_caves, basic_altar
Slime:4:  layout_caves
Slime:5
Orc:1:    layout_caves
Orc:2:    st_orc_town, layout_caves, mines2_david, uniq_erolcha
Elf:1:    minmay_elf_arrival_circle, layout_onion_city, hangedman_elf_disciples,
          uniq_roxanne
Elf:2:    elven_hall_of_blades_hangedman_original
          [nicolae_vaults_blade_armed_guards], layout_onion_city, serial_shops,
          nicolae_shop_crystal, ebering_ghost_gozag, serial_co_window_serial,
          co_window_paths_a, co_window_paths_b, co_window_of_opportunity_a,
          co_window_of_opportunity_a, co_window_paths_a, co_window_2corner,
          co_window_2corner, co_window_2corner, co_window_corner_cb,
          co_window_paths_e, glass_columns_a, glass_columns_b
Elf:3:    grunt_elf_hall_asides, layout_loops_corners, basic_altar,
          nicolae_fountain_basement
Vaults:1: vaults_room_grunt_arrival_checkpoint, nicolae_vaults_little_squares_3,
          vaults_room_large_hall, nicolae_vaults_alarming,
          nicolae_vaults_border_crossing, v_misc_5, ontoclasm_vaults_fault,
          layout_vaults_big_cross
Vaults:2: grunt_vaults_focal, v_misc_4, ontoclasm_vaults_ligature,
          nicolae_vaults_big_ls, v_misc_4, vaults_dpeg_cross, v_alt_pattern_4,
          v_rooms_6, nicolae_vaults_little_squares_3,
          nicolae_vaults_little_squares_5, ontoclasm_vaults_eye,
          vaults_standard_mumra_enter_the_diamond, ontoclasm_vaults_hangar,
          layout_vaults_big_room, dummy_crypt_entry
Vaults:3: ontoclasm_vaults_spin, nicolae_vaults_arrows,
          vaults_standard_mumra_lines, hangedman_vaults_nodes,
          nicolae_vaults_little_squares_6, vaults_room_door_hall,
          vaults_mumra_minichess, nicolae_vaults_back_hallway,
          nicolae_vaults_little_squares_3, vaults_dpeg_emergency_exit,
          st_spiral_rooms, nicolae_vaults_specimen_jars,
          ontoclasm_vaults_claustrophobia, hangedman_vaults_stretched_pinwheel,
          layout_vaults_maze_snakey
Vaults:4: hangedman_vaults_unwind, nicolae_vaults_stairing_the_circle,
          v_misc_23, v_rooms_4, nicolae_vaults_little_squares_3, v_misc_9,
          vaults_room_door_ring, nicolae_vaults_mini_display_case,
          vaults_room_hallway, layout_vaults_omnigrid, serial_shops,
          nicolae_shop_stone
Vaults:5
Crypt:1:  gammafunk_sealed_arena, layout_chaotic_city, lemuel_upstairs_altar,
          roderic_lattice_octagonal_star, uniq_josephina
Crypt:2:  layout_misc_corridors, special_room [special_room_morgue],
          grunt_megastairs_4, uniq_frederick, uniq_khufu, uniq_boris
Crypt:3:  grunt_crypt_end_deaths_head
Depths:1: layout_basic, grunt_mini_vestibule, kennysheep_crisscross,
          serial_sigils, serial_sigils_hangedman_quiver,
          serial_sigils_hangedman_confine, serial_sigils_hangedman_clutch,
          serial_sigils_hangedman_writhe, serial_sigils_hangedman_gut,
          kennysheep_small_circle, uniq_bai_suzhen
Depths:2: grunt_profane_halls [grunt_profane_temple_coc,
          grunt_profane_temple_geh, grunt_profane_temple_dis,
          grunt_profane_temple_tar, grunt_profane_loot], pan_entry, hell_entry
Depths:3: cheibrodos_poisonous_passages, layout_basic, enter_ziggurat_a,
          elyvilon_altar_4, hell_entry, abyss_entry, uniq_mennas, uniq_parghit
Depths:4: grunt_x_marks_the_spot, layout_long_grid, grunt_decor_junction,
          abyss_entry_crystal, grunt_hell_entry_dis_mu,
          chequers_serial_rivers_small_3
Hell
Zot:1:    layout_gridlike
Zot:2:    layout_gridlike, st_stairs_8
Zot:3:    layout_gridville, gammafunk_ghost_crypt, uniq_grunn
Zot:4:    layout_cathedral_of_symmetry, skrybe_zot_glass_3
Zot:5:    layout_misc_corridors, uniq_tiamat
Zig:10

Skill      XL: |  1  2  3  4  5  6  7  8  9 10 11 12 13 14 15 16 17 18 19 20 21 22 23 24 25 26 27 |
---------------+----------------------------------------------------------------------------------+-----
Fighting       | 4 5 6 7 8 9 11 14 16 17 22 26 27 | 27.0
Axes           | 3 5 7 10 12 14 16 18 23 27 | 27.0
Armour         | 5 12 17 18 22 23 27 | 27.0
Shields        | 7 9 16 19 20 | 20.6
Dodging        | 3 9 15 21 27 | 27.0
Invocations    | 8 10 | 10.5
Ranged Weapons | 7 14 15 18 | 18.0

Action                   |  1- 3 |  4- 6 |  7- 9 | 10-12 | 13-15 | 16-18 | 19-21 | 22-24 | 25-27 || total
-------------------------+-------+-------+-------+-------+-------+-------+-------+-------+-------++-------
Melee: War axe           |    51 |   143 |   243 |   462 |   562 |       |       |       |       ||  1461
       Headbutt          |     6 |    15 |    27 |    84 |   227 |   249 |   370 |   569 |   487 ||  2034
       Spear             |       |       |       |       |    63 |       |       |       |       ||    63
       Broad axe         |       |       |       |       |   441 |  1064 |  1305 |  1662 |  1450 ||  5922
       Punch             |       |       |       |       |       |    10 |     1 |       |       ||    11
 Fire: Arbalest          |       |       |       |       |       |    55 |     5 |       |       ||    60
Throw: Javelin           |       |       |       |       |       |     2 |       |     2 |     9 ||    13
Invok: Heroism           |       |       |       |     4 |    11 |    12 |    15 |    12 |    20 ||    74
       Finesse           |       |       |       |     1 |     3 |     6 |    12 |    14 |    20 ||    56
Evoke: Wand              |       |       |       |     9 |       |       |       |     2 |       ||    11
       Phial of floods   |       |       |       |       |       |       |       |     1 |       ||     1
  Use: Potion            |     1 |       |       |       |       |       |       |     8 |     7 ||    16
       Scroll            |       |       |    21 |     5 |     1 |     3 |       |     2 |     1 ||    33
 Stab: Confused          |       |       |     1 |       |       |       |       |       |       ||     1
       Sleeping          |       |       |       |     1 |       |       |       |       |       ||     1
Armor: Scale mail        |    21 |    53 |    67 |       |       |       |       |       |       ||   141
       Steam dragon scal |       |       |     5 |   135 |    26 |       |       |       |       ||   166
       Plate armour      |       |       |       |       |   474 |       |       |       |       ||   474
       Crystal plate arm |       |       |       |       |    16 |   552 |   530 |   824 |   574 ||  2496
Dodge: Dodged            |    33 |    34 |    59 |   189 |   302 |   301 |   275 |   403 |   528 ||  2124
Block: Buckler           |    12 |    51 |    89 |   216 |   472 |   119 |       |       |       ||   959
       Reflection        |       |       |       |    10 |    44 |    60 |    96 |     7 |       ||   217
       Other             |       |       |       |       |       |    84 |     4 |       |       ||    88
       Kite shield       |       |       |       |       |       |   220 |  1058 |  1147 |   840 ||  3265
